 Dungeon Crawl Stone Soup version 0.23.0 (webtiles) character file.

Game seed: 9640901988218169751

193 Kagamaro the Insei (level 5, -3/33 HPs)
             Began as an Octopode Transmuter on Feb 17, 2019.
             Slain by an orc
             ... wielding a +0 whip
              (4 damage)
             ... on level 3 of the Dungeon.
             The game lasted 00:05:42 (2689 turns).

Kagamaro the Insei (Octopode Transmuter)            Turns: 2689, Time: 00:05:42

Health: -3/33      AC:  1    Str: 10    XL:     5   Next: 72%
Magic:  3/9        EV: 14    Int: 16    God:
Gold:   115        SH:  0    Dex: 12    Spells: 3/9 levels left

rFire    . . .     SeeInvis .     - Unarmed
rCold    . . .     Gourm    .   (no shield)
rNeg     . . .     Faith    .   (helmet restricted)
rPois    +         Spirit   .   (no amulet)
rElec    .         Reflect  .   e - ring of poison resistance
rCorr    .         Harm     .   (no ring)
MR       .....                  (no ring)
Stlth    ++........             (no ring)
HPRegen  0.11/turn              (no ring)
MPRegen  0.11/turn              (no ring)
                                (no ring)
                                (no ring)

@: appendage, very slightly contaminated
A: almost no armour, stealthy swim, amphibious, 8 rings, constrict 8, tentacle
spike 3, camouflage 1, gelatinous body 1
a: End Transformation


You were on level 3 of the Dungeon.
You were hungry.
One of your tentacles had a temporary spike.
You visited 1 branch of the dungeon, and saw 3 of its levels.

You collected 115 gold pieces.

Inventory:

Missiles
 a - 33 arrows
Jewellery
 e - a ring of poison resistance (left tentacle)
Scrolls
 b - 3 scrolls of enchant armour {unknown}
 d - 2 scrolls of teleportation {unknown}
 f - a scroll of enchant weapon {unknown}
 g - a scroll of immolation {unknown}
 h - a scroll of identify {unknown}
 i - 5 scrolls of remove curse {unknown}
 n - a scroll of blinking {unknown}
Potions
 j - 2 potions of agility {unknown}
 k - 3 potions of heal wounds {unknown}
 l - a potion of mutation {unknown}
 m - a potion of degeneration {unknown}
Comestibles
 c - 6 rations
 o - 2 chunks of flesh


   Skills:
 + Level 1.0 Fighting
 + Level 2.6 Dodging
 + Level 4.3 Unarmed Combat
 + Level 2.8 Spellcasting
 * Level 3.7 Transmutations


You had 3 spell levels left.
You knew the following spells:

 Your Spells              Type           Power        Failure   Level  Hunger
a - Beastly Appendage     Tmut           ##....       4%          1    #......
b - Spider Form           Tmut/Pois      #.........   26%         3    ###....
c - Sticks to Snakes      Tmut           ##......     6%          2    ##.....

Your spell library contained the following spells:

 Spells                   Type           Power        Failure   Level  Hunger
 Ice Form                 Ice/Tmut       #.......     65%         4    #####..
 Blade Hands              Tmut           ##........   75%         5    ######.


Dungeon Overview and Level Annotations

Branches:
Dungeon (3/15)

Altars:


Innate Abilities, Weirdness & Mutations

You cannot wear most types of armour.
You are very stealthy in the water. (Stealth+)
You are amphibious.
You can wear up to eight rings at the same time.
You can use your tentacles to constrict eight enemies at once.
Your skin changes colour to match your surroundings (Stealth+).
Your rubbery body absorbs attacks. (AC +1, EV +1)
One of your tentacles bears a large vicious spike.


Message History

* * * LOW HITPOINT WARNING * * *
The orc hits you.
* * * LOW HITPOINT WARNING * * *
You barely miss the orc wizard.
You pierce the orc wizard.
You kill the orc wizard!
The orc hits you with a +0 whip.
* * * LOW HITPOINT WARNING * * *
The orc barely misses you.
You tentacle-slap the orc. Your grab misses the orc.
The orc is heavily wounded.
The orc closely misses you. The orc hits you with a +0 club.
* * * LOW HITPOINT WARNING * * *
The orc closely misses you.
Drop what? 15/52 slots (_ for help) (? for menu, Esc to quit)
Okay, then.
You are a level 5 Octopode Transmuter.
You are 72% of the way to level 6.
Play time: 00:05:40 (2689 turns) Unknown command.
You drop 3 chunks of flesh.
The orc hits you with a +0 whip.
You die...

#.#.##(# #.# #.#
..#.##.# #.# #.#
.##.##.# #.# #.## #.##.#
#.# #..# #. #.# #.# ##.#
##.##.# #.# #)# #
#...#.###.# ##.##
....#.oo....####...#####
#...o@)..............#
##.####...####...###.. #
#...# ##.## ### #.>.....
#.# #.......# #<#
#.......# #.. ###...#.#
### ....#.# ###.##.#


You could see 3 orcs.

Vanquished Creatures
  An orc priest (D:3)
  An orc wizard (D:3)
  6 adders
  A gnoll (D:3)
  A worm (D:3)
  5 dart slugs
  2 leopard geckos
  3 giant cockroaches
  7 goblins
  7 hobgoblins
  4 jackals (D:3)
  A quokka (D:2)
  7 bats
  2 frilled lizards
  9 kobolds
  4 rats
61 creatures vanquished.

Notes
Turn   | Place    | Note
-------+----------+-------------------------------------------
     0 | D:1      | Kagamaro the Octopode Transmuter began the quest for the
                  | Orb.
     0 | D:1      | Reached XP level 1. HP: 13/13 MP: 3/3
   156 | D:1      | Reached XP level 2. HP: 18/18 MP: 1/5
   576 | D:1      | Reached XP level 3. HP: 23/23 MP: 4/6
  1064 | D:2      | Reached XP level 4. HP: 20/28 MP: 3/7
  1872 | D:2      | Learned a level 3 spell: Spider Form
  1875 | D:2      | Learned a level 2 spell: Sticks to Snakes
  2195 | D:3      | Reached skill level 4 in Unarmed Combat
  2310 | D:3      | Reached XP level 5. HP: 27/33 MP: 6/9
  2688 | D:3      | HP: 1/33 [orc/+0 club (2)]
  2689 | D:3      | Slain by an orc

Skill      XL: |  1  2  3  4 |
---------------+-------------+-----
Transmutations | 3 |  3.7
Unarmed Combat | 4 |  4.3
Fighting       | |  1.0
Dodging        | |  2.6
Spellcasting   | |  2.8

Action                   |  1- 3 |  4- 6 || total
-------------------------+-------+-------++-------
Melee: Unarmed           |    64 |    71 ||   135
       Constrict         |    22 |    13 ||    35
       Kick              |    18 |    13 ||    31
       Tentacles         |     8 |     7 ||    15
       Punch             |     1 |       ||     1
 Cast: Beastly Appendage |    22 |    16 ||    38
       Spider Form       |       |     2 ||     2
 Stab: Sleeping          |     6 |     3 ||     9
  Eat: Chunk             |     1 |     5 ||     6
Armor: Skin              |     8 |     2 ||    10
Dodge: Dodged            |    24 |    43 ||    67
